 Dungeon Crawl Stone Soup version 0.26-a0-180-ge96aa7da28 (webtiles) character file.

Game seed: 10692702831186366316

9 Flugslaktarn the Chiller (level 2, -2/13 HPs)
             Began as a Vine Stalker Ice Elementalist on July 3, 2020.
             Slain by a kobold
             ... wielding a +0 short sword
              (4 damage)
             ... on level 1 of the Dungeon.
             The game lasted 00:00:43 (139 turns).

Flugslaktarn the Chiller (VSIE)                      Turns: 139, Time: 00:00:44

Health: -2/13      AC:  2    Str: 10    XL:     2   Next: 16%
Magic:  0/6        EV: 11    Int: 15    God:
Gold:   0          SH:  5    Dex: 14    Spells: 5/6 levels left

rFire    . . .     SeeInvis .   (no weapon)
rCold    . . .     Faith    .   b - +2 buckler
rNeg     . . .     Spirit   +   a - +0 robe
rPois    .         Reflect  .   (no helmet)
rElec    .         Harm     .   (no cloak)
rCorr    .                      (no gloves)
MR       .....                  (no boots)
Stlth    +.........             (no amulet)
HPRegen  0.04/turn              e - ring of attention (curse)
MPRegen  0.10/turn              (no ring)

@: no status effects
A: fangs 2, magic shield, antimagic bite, no potion heal 3, rot immunity
a: no special abilities


You were on level 1 of the Dungeon.
You were not hungry.

You visited 1 branch of the dungeon, and saw 2 of its levels.

Inventory:

Armour
 a - a +0 robe (worn)
 b - a +2 buckler (worn)
   (You found it on level 1 of the Dungeon)
Jewellery
 e - a cursed ring of attention (left hand)
   (You found it on level 2 of the Dungeon)
Scrolls
 d - a scroll of remove curse {unknown}
Comestibles
 c - 2 rations


   Skills:
 - Level 1.5 Dodging
 - Level 2.4 Stealth
 + Level 2.6 Spellcasting
 + Level 4.2 Ice Magic


You had 5 spell levels left.
You knew the following spells:

 Your Spells              Type           Power        Failure   Level  Hunger
a - Freeze                Ice            ##..         6%          1    #......

Your spell library contained the following spells:

 Spells                   Type           Power        Failure   Level  Hunger
 Frozen Ramparts          Ice            ##....       19%         3    ###....
 Ozocubu's Armour         Chrm/Ice       #.......     41%         3    ###....
 Hailstorm                Conj/Ice       #.......     82%         4    #####..
 Summon Ice Beast         Ice/Summ       #.......     82%         4    #####..


Dungeon Overview and Level Annotations

Branches:
Dungeon (2/15)

Altars:


Innate Abilities, Weirdness & Mutations

You have extremely sharp teeth.
When hurt, damage is shared between your health and your magic reserves.
Your bite disrupts and absorbs the magic of your enemies.
Potions cannot restore your health.
You are immune to rotting.


Message History

A frilled lizard comes into view.
You see here a goblin corpse.
You see here a rat corpse.
A worm comes into view.
Found a ration.
You see here a knobbly moonstone ring.
Oops, that ring feels deathly cold.
e - a cursed ring of attention (left hand)
Found 6 gold pieces.
Found a stone staircase leading up and a stone staircase leading down. 2 rats come into view.
There is a dry fountain here.
You hit the rat.
You kill the rat!
Casting: Freeze (safe; 6% risk of failure)
Confirm with . or Enter, or press ? or * to list all spells.
Aiming: Freeze (safe; 6% risk of failure)
Press: ? - help, Shift-Dir - straight line, f - rat
Aim: a rat You freeze the rat.
You kill the rat!
There is a stone staircase leading up here.
You climb upwards.
A kobold comes into view. It is wielding a +0 short sword.
The kobold shouts!
The kobold throws a stone.
The stone hits you.
* * * LOW HITPOINT WARNING * * *
There is a stone staircase leading down here.
You see here a stone.
The kobold barely misses you.
Casting: Freeze (safe; 6% risk of failure)
Confirm with . or Enter, or press ? or * to list all spells.
Aiming: Freeze (safe; 6% risk of failure)
Press: ? - help, Shift-Dir - straight line, f - kobold
Aim: a kobold, wielding a +0 short sword You freeze the kobold.
The kobold is moderately wounded.
The kobold hits you with a +0 short sword.
* * * LOW HITPOINT WARNING * * *
You barely miss the kobold.
The kobold is moderately wounded.
You block the kobold's attack.
You hit the kobold but do no damage. You bite the kobold, but do no damage.
The kobold is moderately wounded.
The kobold closely misses you.
Unknown command.
You closely miss the kobold.
The kobold is moderately wounded.
The kobold hits you with a +0 short sword.
You die...

#########
#.......#
+...>...#
##
#..@....#
.#
#.K.....#
.#
####+####
.# .# ##
.# ## #


You could see a kobold.

Vanquished Creatures
  2 leopard geckos (D:1)
  A goblin (D:2)
  A hobgoblin (D:1)
  A frilled lizard (D:1)
  3 rats (D:2)
8 creatures vanquished.

Notes
Turn   | Place    | Note
-------+----------+-------------------------------------------
     0 | D:1      | Flugslaktarn the Vine Stalker Ice Elementalist began the
                  | quest for the Orb.
     0 | D:1      | Reached XP level 1. HP: 9/9 MP: 4/4
   112 | D:2      | Reached XP level 2. HP: 7/13 MP: 2/6
   139 | D:1      | Slain by a kobold

Illustrated notes

Levels and vault maps discovered:
D:1:      dpeg_arrival_arbitrary_a, layout_basic
D:2:      layout_basic, grunt_ministairs_10, minmay_fractal_squares_5

Action                   || total
-------------------------++-------
Melee: Unarmed           ||    11
       Bite              ||     2
 Cast: Freeze            ||    10
Armor: Robe              ||     2
Dodge: Dodged            ||     8
Block: Buckler           ||     2

Table legend:
 A = Non-vault XP
 B = Vault XP
 C = Vault XP percentage of total XP
 D = Non-vault monster count
 E = Vault monster count
 F = Vault count percentage of total count
                 A         B        C        D         E       F
            +---------+---------+-------+---------+---------+-------
      Total |      12 |       2 |  14.3 |       6 |       2 |  25.0
            +---------+---------+-------+---------+---------+-------
        D:1 |       9 |       0 |   0.0 |       4 |       0 |   0.0
        D:2 |       3 |       2 |  40.0 |       2 |       2 |  50.0
            +---------+---------+-------+---------+---------+-------
